 Dungeon Crawl Stone Soup version 0.30.2 (webtiles) character file.

Game seed: 2317813323111825369

340 porpoise the Cutter (level 6, -2/49 (51) HPs)
             Began as a Gnoll Reaver on Apr 5, 2024.
             Slain by a gnoll
             ... wielding a +0 halberd
              (7 damage)
             ... on level 3 of the Dungeon.
             The game lasted 00:09:57 (3294 turns).

porpoise the Cutter (Gnoll Reaver)                  Turns: 3294, Time: 00:09:57

HP:   -2/49 (51)    AC: 12    Str: 12    XL:     6   Next: 56%
MP:   14/14         EV:  7    Int: 12    God:
Gold: 151           SH:  0    Dex: 12    Spells: 14/15 levels left

rFire   . . .        a - +0 rapier (elec)
rCold   . . .        (no shield)
rNeg    . . .        h - +4 chain mail
rPois   .            (no helmet)
rElec   .            (no cloak)
rCorr   +            (no gloves)
SInv    .            (no boots)
Will    .....        (no amulet) Stlth
                     o - ring of resist corrosion
HPRegen 0.28/turn    (no ring)
MPRegen 0.14/turn

%: no passive effects
@: marked, lightly drained
A: fangs 1, strong nose, distributed training
a: no special abilities


You were on level 3 of the Dungeon.
You visited 1 branch of the dungeon, and saw 3 of its levels.

You collected 151 gold pieces.

Inventory:

Hand Weapons
 a - a +0 rapier of electrocution (weapon)
 f - a +0 short sword
Armour
 b - a +0 leather armour
 h - a +4 chain mail (worn)
Jewellery
 o - a ring of resist corrosion (left hand)
Scrolls
 e - 2 scrolls of identify {unknown}
 g - a scroll of vulnerability {unknown}
 i - a scroll of brand weapon
 l - a scroll of amnesia {unknown}
 m - 2 scrolls of teleportation {unknown}
Potions
 c - 2 potions of heal wounds {unknown}
 d - a potion of curing {unknown}
 j - a potion of degeneration {unknown}
 k - a potion of attraction {unknown}
 n - a potion of might {unknown}
 p - a potion of brilliance {unknown}
 q - a potion of haste {unknown}
 r - a potion of invisibility {unknown}


   Skills:
 + Level 5.0 Fighting
 + Level 6.9 Short Blades
 + Level 2.1 Long Blades
 + Level 2.1 Axes
 + Level 2.1 Maces & Flails
 + Level 2.1 Polearms
 + Level 2.1 Staves
 + Level 2.1 Ranged Weapons
 + Level 2.1 Throwing
 + Level 2.1 Armour
 + Level 5.0 Dodging
 + Level 2.1 Stealth
 + Level 2.1 Shields
 + Level 2.1 Unarmed Combat
 + Level 5.4 Spellcasting
 + Level 5.7 Conjurations
 + Level 1.6 Hexes
 + Level 1.6 Summonings
 + Level 1.6 Necromancy
 + Level 1.6 Translocations
 + Level 1.6 Transmutations
 + Level 1.6 Fire Magic
 + Level 1.6 Ice Magic
 + Level 1.6 Air Magic
 + Level 1.6 Earth Magic
 + Level 1.6 Poison Magic
 + Level 2.3 Invocations
 + Level 2.1 Evocations


You had 14 spell levels left.
You knew the following spells:

 Your Spells              Type           Power      Damage    Failure   Level
a - Kiss of Death         Conj/Necr      48%        2d9       71%         1

Your spell library contained the following spells:

 Spells                   Type           Power      Damage    Failure   Level
 Momentum Strike          Conj/Tloc      24%        3d8       85%         2
 Hailstorm                Conj/Ice       12%        3d5       97%         3
 Stone Arrow              Conj/Erth      24%        3d8       97%         3
 Animate Armour           Summ/Erth      14%        N/A       100%        4
 Lehudib's Crystal Spear  Conj/Erth      6%         10d3      100%        8


Dungeon Overview and Level Annotations

Branches:
Dungeon (3/15)

Altars:


Innate Abilities, Weirdness & Mutations

You have very sharp teeth.
Your uncanny sense of smell can sniff out nearby items.
Your experience applies equally to all skills.


Message History

Search for what [Enter for "sling", or ? for help]? bow Can't find anything matching that.
Search for what [Enter for "bow", or ? for help]? sling Can't find anything matching that.
Unknown command.
There is a huge open gate here.
A gnoll comes into view. It is wielding a +0 halberd.
The gnoll shouts!
The gnoll moves out of view.
The orc shouts!
You hear a shout!
The orc pulls the alarm!
The alarm trap emits a blaring wail!
A sentinel's mark forms upon you.
An orc comes into view. It is wielding a +0 flail.
You hear a shout! x9; You hear a bark! x2
The gnoll closely misses you.
There is a huge open gate here.
The gnoll hits you from afar with a +0 halberd.
A gnoll comes into view. It is wielding a +0 whip.
The orc hits you but does no damage.
The gnoll hits you from afar with a +0 halberd!
The gnoll hits you from afar with a +0 halberd!
An orc comes into view. It is wielding a +0 short sword.
You hit the orc.
The orc is moderately wounded.
The orc hits you but does no damage.
You puncture the orc!
You kill the orc!
The gnoll hits you from afar with a +0 halberd!
A gnoll comes into view. It is wielding a +0 club.
Items here: )))).
Items here: )))))))) [[[ ††.
Things that are here:
a +0 flail; a +0 war axe The gnoll hits you with a +0 halberd!
* * * LOW HITPOINT WARNING * * *
You hit the gnoll. Your bite misses the gnoll.
The gnoll is moderately wounded.
The gnoll hits you with a +0 halberd!
You die...

# #..# #### #.## ..(##### #.#
##.....# #.# .#####.# #.#
..####.##### #.# #..........# #)#
#........[.# #.# ..<........##
#@# ............####g#
.....<.........#g################
.............).)o................
~~~~~~~~....~g~~~~~~~~~~~~~≈≈~~..
≈≈≈≈≈~≈~....~~≈≈≈≈≈≈≈≈≈~~≈≈≈≈≈~..
~~~~~~~~....o~~~~~~~~~~~#####≈~..
...........g............#og.#≈~..
########''''#############...#≈~P.


You could see 2 gnolls and an orc.

Vanquished Creatures
  3 hounds (D:3)
  Terence (D:3)
  A gnoll bouda (D:3)
  8 gnolls (D:3)
  3 adders
  A worm (D:2)
  4 dart slugs
  11 orcs
  5 ball pythons
  3 endoplasms
  2 giant cockroaches (D:1)
  5 goblins
  5 hobgoblins
  13 jackals
  3 kobolds
  A quokka (D:2)
  4 bats
  4 frilled lizards
  5 rats
82 creatures vanquished.

Notes
Turn   | Place    | Note
-------+----------+-------------------------------------------
     0 | D:1      | porpoise the Gnoll Reaver began the quest for the Orb.
     0 | D:1      | Reached XP level 1. HP: 20/20 MP: 6/6
   419 | D:1      | Reached XP level 2. HP: 26/26 MP: 7/7
  1021 | D:2      | Reached skill level 5 in Spellcasting
  1021 | D:2      | Reached XP level 3. HP: 31/31 MP: 7/9
  1103 | D:2      | Reached skill level 1 in Invocations
  1340 | D:2      | Reached skill level 1 in Long Blades
  1340 | D:2      | Reached skill level 1 in Axes
  1340 | D:2      | Reached skill level 1 in Maces & Flails
  1340 | D:2      | Reached skill level 1 in Polearms
  1340 | D:2      | Reached skill level 1 in Staves
  1340 | D:2      | Reached skill level 1 in Ranged Weapons
  1340 | D:2      | Reached skill level 1 in Throwing
  1340 | D:2      | Reached skill level 1 in Armour
  1340 | D:2      | Reached skill level 1 in Stealth
  1340 | D:2      | Reached skill level 1 in Shields
  1340 | D:2      | Reached skill level 1 in Unarmed Combat
  1340 | D:2      | Reached skill level 1 in Evocations
  1738 | D:2      | Reached XP level 4. HP: 34/38 MP: 11/11
  1818 | D:3      | Found a faded altar of an unknown god.
  1826 | D:3      | Noticed Terence
  1848 | D:3      | Killed Terence
  1849 | D:3      | Reached skill level 1 in Hexes
  1849 | D:3      | Reached skill level 1 in Summonings
  1849 | D:3      | Reached skill level 1 in Necromancy
  1849 | D:3      | Reached skill level 1 in Translocations
  1849 | D:3      | Reached skill level 1 in Transmutations
  1849 | D:3      | Reached skill level 1 in Fire Magic
  1849 | D:3      | Reached skill level 1 in Ice Magic
  1849 | D:3      | Reached skill level 1 in Air Magic
  1849 | D:3      | Reached skill level 1 in Earth Magic
  1849 | D:3      | Reached skill level 1 in Poison Magic
  2098 | D:3      | Reached XP level 5. HP: 43/43 MP: 12/12
  2558 | D:3      | Reached XP level 6. HP: 50/50 MP: 13/13
  2674 | D:3      | Reached skill level 5 in Fighting
  2674 | D:3      | Reached skill level 5 in Dodging
  3294 | D:3      | Slain by a gnoll

Illustrated notes

Levels and vault maps discovered:
D:1:      lemuel_arrival_cross, layout_basic, chequers_serial_rivers_small_b,
          columned_hall_lemuel
D:2:      layout_basic
D:3:      lemuel_castle_with_subvaults [lemuel_castle_interior_carwin_3],
          layout_rooms, hellmonk_ecumenical_altar_leap_of_faith, minmay_cupped,
          uniq_terence

Skill      XL: |  1  2  3  4  5  6 |
---------------+-------------------+-----
Spellcasting   | 5 |  5.4
Invocations    | 1 2 |  2.3
Long Blades    | 1 2 |  2.1
Axes           | 1 2 |  2.1
Maces & Flails | 1 2 |  2.1
Polearms       | 1 2 |  2.1
Staves         | 1 2 |  2.1
Ranged Weapons | 1 2 |  2.1
Throwing       | 1 2 |  2.1
Armour         | 1 2 |  2.1
Stealth        | 1 2 |  2.1
Shields        | 1 2 |  2.1
Unarmed Combat | 1 2 |  2.1
Evocations     | 1 2 |  2.1
Hexes          | 1 |  1.6
Summonings     | 1 |  1.6
Necromancy     | 1 |  1.6
Translocations | 1 |  1.6
Transmutations | 1 |  1.6
Fire Magic     | 1 |  1.6
Ice Magic      | 1 |  1.6
Air Magic      | 1 |  1.6
Earth Magic    | 1 |  1.6
Poison Magic   | 1 |  1.6
Fighting       | 5 |  5.0
Dodging        | 5 |  5.0
Short Blades   | |  6.9
Conjurations   | |  5.7

Action                     |  1- 3 |  4- 6 || total
---------------------------+-------+-------++-------
  Melee: Short sword       |    45 |       ||    45
         Rapier            |    88 |   178 ||   266
         Bite              |    13 |    22 ||    35
         Punch             |     1 |     2 ||     3
    Use: Scroll            |     1 |       ||     1
 Armour: Leather armour    |     2 |       ||     2
         Chain mail        |    31 |   111 ||   142
  Dodge: Dodged            |    55 |    72 ||   127
